 Dungeon Crawl Stone Soup version 0.30-a0-29-g142975f185 (console) character file.

Game seed: 14576899264938896439

20 jejorda2 the Grave Robber (level 2, 0/23 HPs)
             Began as a Hill Orc Necromancer on Aug 26, 2022.
             Slain by a rat (1 damage)
             ... on level 1 of the Dungeon.
             The game lasted 00:05:09 (862 turns).

jejorda2 the Grave Robber (Hill Orc Necromancer)     Turns: 862, Time: 00:05:09

Health: 0/23       AC:  2    Str: 10    XL:     2   Next: 79%
Magic:  0/4        EV: 12    Int: 15    God:
Gold:   61         SH:  0    Dex: 11    Spells: 3/4 levels left

rFire   . . .      SeeInvis .    c - +0 mace
rCold   . . .      Faith    +    (no shield)
rNeg    . . .      Spirit   .    a - +0 robe
rPois   .          Reflect  .    (no helmet)
rElec   .          Harm     .    (no cloak)
rCorr   .          Rampage  .    (no gloves)
Will    .....                    (no boots)
Stlth   ++........               g - amulet of faith
HPRegen 0.07/turn                (no ring)
MPRegen 0.09/turn                (no ring)

@: no status effects
A: no striking features
a: no special abilities


You were on level 1 of the Dungeon.
You visited 1 branch of the dungeon, and saw 2 of its levels.

You collected 61 gold pieces.

Inventory:

Hand Weapons
 c - a +0 mace (weapon)
 l - a +0 whip
Missiles
 k - 10 stones
Armour
 a - a +0 robe (worn)
Jewellery
 g - an amulet of faith (around neck)
Scrolls
 d - 2 scrolls of teleportation {unknown}
 f - a scroll of blinking {unknown}
 h - a scroll of butterflies {unknown}
 m - a scroll of enchant armour {unknown}
Potions
 b - a potion of magic
 e - a potion of lignification {unknown}
 i - 2 potions of curing {unknown}
 j - a potion of heal wounds {unknown}


   Skills:
 + Level 1.0 Fighting
 * Level 1.4 Maces & Flails
 - Level 1.5 Dodging
 - Level 1.5 Stealth
 + Level 1.8 Spellcasting
 + Level 4.1 Necromancy


You had 3 spell levels left.
You knew the following spells:

 Your Spells              Type           Power      Damage    Failure   Level
a - Necrotise             Necr           52%        1d6       4%          1

Your spell library contained the following spells:

 Spells                   Type           Power      Damage    Failure   Level
 Vampiric Draining        Necr           13%        2d6       12%         3
 Shock                    Conj/Air       4%         1d3       22%         1
 Swiftness                Air            1%         N/A       56%         3
 Animate Dead             Necr           13%        N/A       38%         4
 Agony                    Necr           13%        N/A       75%         5
 Airstrike                Air            0%         2d(1-17)  92%         4


Dungeon Overview and Level Annotations

Branches:
Dungeon (2/15)

Altars:

Shops:
D:1 [


Message History

Confirm with . or Enter, or press ? or * to list all spells.
Aiming: Necrotise (safe; 4% risk of failure)
Press: ? - help, Shift-Dir - straight line, f - jackal
Aim: a jackal (chance to affect: 83%)
The jackal writhes in agony.
The jackal barely misses you. The jackal bites you.
Unknown command.
You hit the jackal.
You kill the jackal!
Casting: Necrotise (safe; 4% risk of failure)
Confirm with . or Enter, or press ? or * to list all spells.
Aiming: Necrotise (safe; 4% risk of failure)
Press: ? - help, Shift-Dir - straight line, f - jackal
Aim: a jackal (severely wounded, chance to affect: 83%)
The jackal barely resists.
The jackal closely misses you. The rat bites you.
* * * LOW HITPOINT WARNING * * *
The jackal misses you.
Unknown command.
You barely miss the jackal.
The jackal is severely wounded.
The jackal barely misses you. The rat bites you.
* * * LOW HITPOINT WARNING * * *
The jackal bites you but does no damage.
You barely miss the jackal.
The jackal is severely wounded.
The jackal closely misses you. The rat barely misses you.
The jackal closely misses you. The rat barely misses you.
You closely miss the jackal.
The jackal is severely wounded.
The jackal bites you.
* * * LOW HITPOINT WARNING * * *
The rat bites you.
* * * LOW HITPOINT WARNING * * *
The jackal closely misses you.
You closely miss the jackal.
The jackal is severely wounded.
The jackal bites you.
* * * LOW HITPOINT WARNING * * *
The rat bites you.
You die...

#######'#####
#...........############# ######
#.......................# #....#
.......................)####....#
................................#
................................#
.#......#...>.r..######.........#
.#.....##.#....#h# ######....#
.#####.##.#....#@###### #....#
.....#.##.#...hr......######'####
####.#.##.#####.......##.........
# #.#.##.# #..................
####.#.##.# #.......##...).....
.....#.##.# #.......##.........
..####.##.# #.......##.........
..# #.##.# #.......##.........
..# #.##.# #.......##.........


You could see 2 jackals and a rat.

Vanquished Creatures
  A dart slug (D:1)
  An endoplasm (D:1)
  A giant cockroach (D:1)
  2 hobgoblins (D:1)
  A jackal (D:1)
  A quokka (D:1)
  2 bats (D:1)
  A frilled lizard (D:1)
  2 kobolds (D:1)
  5 rats (D:1)
17 creatures vanquished.

Vanquished Creatures (collateral kills)
  A goblin (D:1)
1 creature vanquished.

Grand Total: 18 creatures vanquished

Notes
Turn   | Place    | Note
-------+----------+-------------------------------------------
     0 | D:1      | jejorda2 the Hill Orc Necromancer began the quest for the
                  | Orb.
     0 | D:1      | Reached XP level 1. HP: 14/14 MP: 3/3
    24 | D:1      | Found Dottaugg's Armour Shoppe.
   365 | D:1      | Reached XP level 2. HP: 22/22 MP: 2/4
   408 | D:1      | Reached skill level 1 in Maces & Flails
   698 | D:1      | Reached skill level 1 in Fighting
   862 | D:1      | HP: 1/23 [jackal (1)]
   862 | D:1      | Slain by a rat

Illustrated notes

Levels and vault maps discovered:
D:1:      zelgadis_glass_arrival_small, layout_basic, serial_shops, shop,
          minmay_tetromino_i4
D:2:      layout_loops_ring, shapermc_ecumenical_altar_gd,
          minmay_misc_feat_tower

Skill      XL: |  1  2 |
---------------+-------+-----
Maces & Flails | 1 |  1.4
Fighting       | 1 |  1.0
Dodging        | |  1.5
Stealth        | |  1.5
Spellcasting   | |  1.8
Necromancy     | |  4.1

Action                   || total
-------------------------++-------
Melee: Mace              ||     8
 Cast: Necrotise         ||    27
Armor: Robe              ||     7
Dodge: Dodged            ||    21

Table legend: (Time is in decaauts)
 A = Elapsed time spent in this place.
 B = Non-inter-level travel time spent in this place.
 C = Inter-level travel time spent in this place.
 D = Time resting spent in this place.
 E = Time spent auto-exploring this place.
 F = Levels seen in this place.
 G = Mean time per level.
                   A        B        C        D        E       F      G
               +--------+--------+--------+--------+--------+-----+--------+
         Total |    864 |    846 |     18 |    108 |    587 |   2 |  432.0 |
       Dungeon |    864 |    846 |     18 |    108 |    587 |   2 |  432.0 |
               +--------+--------+--------+--------+--------+-----+--------+

Top non-repeatable levels by time:
     D:1: 859 daAuts
     D:2: 4 daAuts
